 Dungeon Crawl Stone Soup version 0.31-a0-486-g8d68a81214 (webtiles) character file.

Game seed: 7678426119432306492

356 porpoise the Chopper (level 6, -1/75 (84) HPs)
             Began as a Hill Orc Fighter on Aug 8, 2023.
             Slain by a wight
             ... wielding a +1 great sword
              (10 damage)
             ... on level 4 of the Dungeon.
             The game lasted 00:08:55 (3417 turns).

porpoise the Chopper (Hill Orc Fighter)             Turns: 3417, Time: 00:08:56

HP:   -1/75 (84)    AC: 23    Str: 21    XL:     6   Next: 63%
MP:   6/6           EV:  2    Int:  8    God:
Gold: 331           SH:  4    Dex: 10    Spells: 5/5 levels left

rFire   . . .        a - +0 war axe
rCold   + . .        c - +0 buckler
rNeg    . . .        f - melded +0 plate armour
rPois   +            (helmet currently unavailable)
rElec   .            (cloak currently unavailable)
rCorr   .            (gloves currently unavailable)
SInv    .            (boots currently unavailable)
Will    .....        (no amulet)
Stlth   +            q - ring of protection from cold
HPRegen 0.32/turn    (no ring)
MPRegen 0.10/turn

%: no passive effects
@: brilliant, tree-form, heavily drained
A: stationary, stasis, torment immunity, boosted hp
a: no special abilities


You were on level 4 of the Dungeon.
You were a tree.
You visited 1 branch of the dungeon, and saw 4 of its levels.

You collected 331 gold pieces.

Inventory:

Hand Weapons
 a - a +0 war axe (weapon)
 b - a +0 sling
 m - a +2 dagger of venom
Missiles
 n - 2 javelins
Armour
 c - a +0 buckler (worn)
 f - a +0 plate armour (melded)
 o - a +0 scale mail
Jewellery
 q - a ring of protection from cold (left branch)
Wands
 g - a wand of flame (27)
Scrolls
 h - a scroll of poison {unknown}
 i - 2 scrolls of teleportation
 k - a scroll of immolation
 p - a scroll of butterflies {unknown}
 t - a scroll of fear {unknown}
Potions
 d - a potion of might
 e - a potion of attraction
 l - 2 potions of cancellation
 s - a potion of curing {unknown}


   Skills:
 + Level 5.3 Fighting
 * Level 6.4 Axes
 - Level 3.5 Armour
 + Level 4.8 Shields


You had 5 spell levels left.
You didn't know any spells.
Your spell library contained the following spells:

 Spells                   Type           Power      Damage    Failure   Level
 Freeze                   Ice            0%         1d3       45%         1
 Frozen Ramparts          Ice            0%         1d1       83%         3
 Gell's Gravitas          Tloc           0%         N/A       83%         3
 Hailstorm                Conj/Ice       0%         3d3       83%         3
 Teleport Other           Tloc           0%         N/A       83%         3
 Animate Armour           Summ/Erth      0%         N/A       99%         4
 Summon Lightning Spire   Summ/Air       0%         N/A       99%         4
 Lee's Rapid Deconstruct  Erth           0%         3d4*      100%        5
 Dispersal                Tloc           0%         N/A       100%        6


Dungeon Overview and Level Annotations

Branches:
Dungeon (4/15)
 Temple: D:4-7

Altars:
Cheibriados
Hepliaklqana
Makhleb
Okawaru
Wu Jian
Yredelemnul


Message History

You closely miss the wight.
The wight is lightly damaged.
The wight closely misses you.
You barely miss the wight.
The wight is lightly damaged.
The wight hits you with a +1 halberd.
You feel drained.
You hit the wight.
The wight is moderately damaged.
You block the wight's attack. The wight hits you but does no damage.
You hit the wight.
The wight is moderately damaged.
The wight barely misses you.
You barely miss the wight.
The wight is moderately damaged.
You barely miss the wight. You block the wight's attack.
The wight hits you with a +1 great sword!
You feel drained.
You barely miss the wight.
The wight is moderately damaged.
You hit the wight but do no damage. You block the wight's attack.
The wight hits you with a +1 great sword!
You feel drained.
You barely miss the wight.
The wight is moderately damaged.
You barely miss the wight. The wight barely misses you.
The wight hits you with a +1 great sword.
* * * LOW HITPOINT WARNING * * *
You block the wight's attack.
The wight hits you with a +1 great sword.
* * * LOW HITPOINT WARNING * * *
You feel drained.
* * * LOW HITPOINT WARNING * * *
It was a potion of brilliance.
You feel clever all of a sudden. The wight barely misses you. x2
It was a potion of lignification.
You turn into a tree.
Your +0 plate armour melds into your body.
Your roots penetrate the ground.
The wight hits you but does no damage.
The wight hits you with a +1 great sword!
You die...

######## # ##.##.... ##.
########........ #..
..........###...
####..##########..#$#..#
........#########.###..#
##..z..##....##......# ###
#...z♣.##.##....####.# #..
....(#.##)....##..####.# #.#
###.###................#
######.#
##.##...##......####..#
.......####...#...##..♣♣..##
#..#
.............#........♣♣...#
#...
.......####.†#..§§.........#
##.# .......#
#.....≈§.._......# #..
.....<## #.##..≈§.....##..#
#.†


You could see 2 wights.

Vanquished Creatures
  A phantom (D:4)
  A wight (D:4)
  A hound (D:4)
  2 orc wizards (D:3)
  3 gnolls (D:3)
  3 adders
  2 worms
  4 dart slugs
  4 orcs (D:3)
  5 endoplasms
  2 giant cockroaches
  4 goblins
  7 hobgoblins
  6 jackals (D:1)
  6 kobolds
  2 quokkas
  10 ball pythons
  8 bats
  4 frilled lizards
  4 rats
79 creatures vanquished.

Notes
Turn   | Place    | Note
-------+----------+-------------------------------------------
     0 | D:1      | porpoise the Hill Orc Fighter began the quest for the Orb.
     0 | D:1      | Reached XP level 1. HP: 19/19 MP: 1/1
   121 | D:1      | Reached XP level 2. HP: 27/27 MP: 2/2
   168 | D:1      | Reached skill level 3 in Axes
   622 | D:1      | Reached XP level 3. HP: 33/33 MP: 3/3
  1162 | D:2      | Found a basalt altar of Yredelemnul.
  1592 | D:2      | Reached skill level 4 in Axes
  1598 | D:2      | Reached XP level 4. HP: 34/40 MP: 4/4
  2319 | D:3      | Reached XP level 5. HP: 37/47 MP: 5/5
  2343 | D:3      | Reached skill level 5 in Axes
  2623 | D:3      | Found a snail-covered altar of Cheibriados.
  2646 | D:3      | Found a hazy altar of Hepliaklqana.
  2654 | D:3      | Found an iron altar of Okawaru.
  2879 | D:3      | Found a burning altar of Makhleb.
  2879 | D:3      | Noticed an Executioner
  2883 | D:3      | Noticed a hellwing
  2883 | D:3      | Noticed a neqoxec
  2900 | D:4      | Noticed a phantom
  2919 | D:4      | Killed a phantom
  2920 | D:4      | Reached skill level 5 in Fighting
  2920 | D:4      | Reached skill level 6 in Axes
  2920 | D:4      | Reached XP level 6. HP: 44/56 MP: 6/6
  3135 | D:4      | Found an ornate altar of the Wu Jian Council.
  3417 | D:4      | Slain by a wight

Illustrated notes

Levels and vault maps discovered:
D:1:      dpeg_arrival_arbitrary_b, layout_basic, grunt_decor_resistance,
          dk_noncrumbling_3, glass_columns_c
D:2:      layout_loops_ring, shapermc_ecumenical_altar_petra, basic_altar
D:3:      layout_loops_cross, mainiacjoe_overflow_24_doors,
          makhleb_altar_promises_db, jmf_multi_god_temple
D:4:      layout_loops_ring, nicolae_wu_jian_wuxing_cycle, serial_glass,
          glass_columns_b, glass_columns_b, item_on_display_a,
          minmay_strange_pillars, feat_on_display

Skill      XL: |  1  2  3  4  5 |
---------------+----------------+-----
Axes           | 3 4 6 |  6.4
Fighting       | 4 5 |  5.3
Shields        | 4 |  4.8
Armour         | |  3.5

Action                     |  1- 3 |  4- 6 || total
---------------------------+-------+-------++-------
  Melee: War axe           |   105 |   143 ||   248
   Fire: Sling             |     2 |    13 ||    15
    Use: Scroll            |       |     4 ||     4
         Potion            |       |     2 ||     2
 Armour: Plate armour      |    79 |    97 ||   176
         Skin              |       |     1 ||     1
  Dodge: Dodged            |    27 |    47 ||    74
  Block: Buckler           |    23 |    26 ||    49

Table legend: (Time is in decaauts)
 A = Elapsed time spent in this place.
 B = Non-inter-level travel time spent in this place.
 C = Inter-level travel time spent in this place.
 D = Time resting spent in this place.
 E = Time spent auto-exploring this place.
 F = Levels seen in this place.
 G = Mean time per level.
                   A        B        C        D        E       F      G
               +--------+--------+--------+--------+--------+-----+--------+
         Total |   3498 |   3373 |    125 |    562 |   2046 |   4 |  874.5 |
       Dungeon |   3498 |   3373 |    125 |    562 |   2046 |   4 |  874.5 |
               +--------+--------+--------+--------+--------+-----+--------+

Top non-repeatable levels by time:
     D:2: 1024 daAuts
     D:1: 1013 daAuts
     D:3: 980 daAuts
     D:4: 480 daAuts
